 Dungeon Crawl Stone Soup version 0.29.1-15-g9cfb28693d (webtiles) character file.

Game seed: 16951893074752663477

3196 redmage the Geomancer (level 10, -4/69 HPs)
             Began as a Meteoran Earth Elementalist on Sept 14, 2023.
             Was a Follower of Yredelemnul.
             Slain by a wyvern (8 damage)
             ... on level 9 of the Dungeon.
             The game lasted 00:23:16 (1447 turns).

redmage the Geomancer (Meteoran Earth Elementalist) Turns: 1447, Time: 00:23:17

Health: -4/69      AC:  2    Str: 10    XL:     10   Next: 39%
Magic:  11/24      EV: 12    Int: 21    God:    Yredelemnul [*.....]
Gold:   367        SH:  0    Dex: 15    Spells: 19/28 levels left

rFire   + . .      SeeInvis .   o - +5 mace of Amorality {flame, rPois rF+}
rCold   . . .      Faith    .   (no shield)
rNeg    . . .      Spirit   .   a - +0 robe
rPois   +          Reflect  .   (no helmet)
rElec   .          Harm     .   (no cloak)
rCorr   +          Rampage  .   (no gloves)
Will    +....                   (no boots)
Stlth   +.........              (no amulet)
HPRegen 0.21/turn               e - ring of resist corrosion
MPRegen 0.19/turn               (no ring)

@: lethally poisoned (-4 -> -13), glowing
A: sense surroundings 2, otherworldly, glowing, explore regen
a: Renounce Religion, Recall Undead Harvest


You were on level 9 of the Dungeon.
You worshipped Yredelemnul.
Yredelemnul was noncommittal.
You visited 2 branches of the dungeon, and saw 10 of its levels.

You collected 367 gold pieces.

Inventory:

Hand Weapons
 n - the +2 war axe of Diet Blood {vorpal, rC+ Str+3}
   (You found it on level 6 of the Dungeon)

   It inflicts extra damage upon your enemies.
   Str:       It affects your strength (+3).
   rC:        It protects you from cold.
 o - the +5 mace of Amorality (weapon) {flame, rPois rF+}
   (You found it on level 8 of the Dungeon)

   It burns those it strikes, dealing additional fire damage.
   rF:        It protects you from fire.
   rPois:     It protects you from poison.
Armour
 a - a +0 robe (worn)
 i - a +2 buckler
Jewellery
 e - a ring of resist corrosion (left hand)
Wands
 g - a wand of flame (30) (quivered)
 m - a wand of iceblast (7)
 r - a wand of light (3)
Scrolls
 c - a scroll of immolation
 d - a scroll of enchant armour {unknown}
 j - 2 scrolls of identify {unknown}
 l - a scroll of fog
 p - a scroll of magic mapping
 q - a scroll of teleportation {unknown}
Potions
 b - a potion of magic
 f - a potion of might {unknown}
 h - 3 potions of curing {unknown}
 k - a potion of flight {unknown}
 s - 2 potions of heal wounds {unknown}


   Skills:
 - Level 2.4 Dodging
 - Level 1.4 Stealth
 + Level 9.7 Spellcasting
 - Level 4.0 Conjurations
 - Level 1.2 Transmutations
 - Level 5.0 Ice Magic
 + Level 9.9 Earth Magic
 + Level 7.2 Invocations


You had 19 spell levels left.
You knew the following spells:

 Your Spells              Type           Power      Damage    Failure   Level
a - Sandblast             Erth           100%       2d20      1%          1
b - Passwall              Tmut/Erth      27%        N/A       1%          2
c - Stone Arrow           Conj/Erth      78%        3d11      1%          3
d - Ozocubu's Armour      Ice            31%        N/A       2%          3

Your spell library contained the following spells:

 Spells                   Type           Power      Damage    Failure   Level
 Petrify                  Tmut/Erth      33%        N/A       7%          4
 Confusing Touch          Hex            10%        N/A       21%         3
 Gell's Gravitas          Tloc           10%        N/A       21%         3
 Teleport Other           Tloc           10%        N/A       21%         3
 Metabolic Englaciation   Hex/Ice        10%        N/A       54%         5
 Yara's Violent Unravell  Hex/Tmut       6%         3d5       82%         5
 Dispersal                Tloc           5%         N/A       100%        6
 Enfeeble                 Hex            5%         N/A       100%        7
 Simulacrum               Ice/Necr       Unusable   N/A       N/A         6

Dungeon Overview and Level Annotations

Branches:
Dungeon (9/15) Zot: 3959   Temple (1/1) D:6 Zot: 528    Lair (0/5) D:9
    Orc: D:9-12

Altars:
Ashenzari
Dithmenos
Elyvilon
Gozag
Hepliaklqana
Makhleb
Okawaru
Qazlal
Ru
Sif Muna
Uskayaw
Vehumet
Yredelemnul
Zin
The Shining One

Shops:
D:8 [

Annotations:
D:5 Sigmund


Innate Abilities, Weirdness & Mutations

You passively map the area around you.
You are easily found by Zot.
You glow in the dark.
You regain HP and MP as you explore.


Message History

You are poisoned.
The killer bee poisons you!
The killer bee stings your black bear zombie!
Your phantasmal warrior barely misses the killer bee.
Unknown command.
Casting: Sandblast (safe; 1% risk of failure)
Confirm with . or Enter, or press ? or * to list all spells.
Aiming: Stone Arrow (safe; 1% risk of failure)
Press: ? - help, Shift-Dir - straight line, f - hornet, p - killer bee
Aim: a hornet (60% to hit)
The stone arrow misses the killer bee.
The stone arrow hits the wyvern!
The wyvern is heavily wounded.
You feel sick.
The killer bee stings your black bear zombie.
Your black bear zombie is destroyed!
The killer bee barely misses you.
Your orc wizard zombie completely misses the killer bee.
The killer bee stings you.
You are more poisoned.
The killer bee poisons you!
Unknown command.
Unknown command.
Casting: Stone Arrow (safe; 1% risk of failure)
Confirm with . or Enter, or press ? or * to list all spells.
Aiming: Sandblast (safe; 1% risk of failure)
Press: ? - help, Shift-Dir - straight line, f/p - hornet
Aim: a hornet (78% to hit)
The blast of sand hits the killer bee!!
You kill the killer bee!
You feel very sick. The killer bee stings you! The wyvern bites you!
* * * LOW HITPOINT WARNING * * *
The killer bee stings you.
* * * LOW HITPOINT WARNING * * *
The wight hits your orc wizard zombie with a +2 great sword!!
Your phantasmal warrior hits the killer bee!
The killer bee's willpower is stripped away!
The wyvern bites you!
You die...
Your body rises from the dead as a mindless zombie.

,
,##.P..P..#...........#
, ,
*#..P....#...........#
, * ~,
##.....###..........# ,
, ,
##...####..........# ,
,.......#..........#
,,* * ..###
#........>...####
......###WZ.........#*
,,,
...z.Zooly..##.####..#
, ......###@..#.## ,
#.# * ,, ....Z,*
##..#.* * .# ~ ,....
##.#. * *, ... ** #.#,
* ,.. , ,..#, ,* *# * *
*..#* , * ... ** #.#)
,, * * ,, , ,


You could see an orc warrior, a wyvern (ally target), a killer bee (distracted,
weak-willed, ally target), a wight, an orc, a friendly phantasmal warrior
(summoned) and 2 friendly orc wizard zombies.

Vanquished Creatures
  3 wyverns
  A basilisk (D:9)
  3 yaks
  2 steam dragons (D:9)
  A water moccasin (D:6)
  2 black bears
  A centaur (D:8)
  A phantom (D:4)
  3 bullfrogs
  A scorpion (D:4)
  A killer bee (D:9)
  A howler monkey (D:7)
  2 orc priests
  A jelly (D:4)
  A gnoll bouda (D:5)
  Ijyb (D:5)
  8 orc wizards
  7 adders
  19 gnolls
  A worm (D:2)
  A dart slug (D:4)
  12 orcs
  A ball python (D:4)
  A bat (D:2)
  3 endoplasms
  A goblin (D:2)
  A hobgoblin (D:8)
  2 jackals (D:2)
  6 kobolds
  A quokka (D:2)
  A frilled lizard (D:3)
90 creatures vanquished.

Vanquished Creatures (collateral kills)
  3 yaks (D:8)
  An orc warrior (D:8)
  An orc wizard (D:8)
  An orc zombie (D:8)
  4 orcs
  A frilled lizard (D:8)
  A goblin (D:8)
  A rat (D:8)
13 creatures vanquished.

Vanquished Creatures (others)
  2 bullfrog zombies
  A centaur zombie (D:8)
  A black bear zombie (D:9)
  A steam dragon zombie (D:9)
  5 orc zombies (D:8)
  A hobgoblin zombie (D:8)
  A rat zombie (D:8)
12 creatures vanquished.

Grand Total: 115 creatures vanquished

Notes
Turn   | Place    | Note
-------+----------+-------------------------------------------
     0 | D:1      | redmage the Meteoran Earth Elementalist began the quest for
                  | the Orb.
     0 | D:1      | Reached XP level 1. HP: 14/14 MP: 5/5
    55 | D:2      | Reached XP level 2. HP: 6/20 MP: 4/7
    60 | D:2      | Found a faded altar of an unknown god.
   124 | D:2      | Reached XP level 3. HP: 25/26 MP: 5/9
   128 | D:2      | Reached XP level 4. HP: 14/33 MP: 2/10
   144 | D:2      | Learned a level 2 spell: Passwall
   148 | D:2      | Learned a level 3 spell: Stone Arrow
   224 | D:3      | Found an iron altar of Okawaru.
   241 | D:3      | Reached skill level 1 in Conjurations
   263 | D:4      | Reached XP level 5. HP: 30/38 MP: 9/12
   268 | D:5      | Entered Level 5 of the Dungeon
   272 | D:4      | Reached skill level 5 in Earth Magic
   288 | D:4      | Reached XP level 6. HP: 45/45 MP: 5/14
   315 | D:4      | Found a glowing golden altar of the Shining One.
   353 | D:4      | Reached skill level 5 in Spellcasting
   380 | D:4      | Learned a level 3 spell: Ozocubu's Armour
   389 | D:5      | Noticed Ijyb
   393 | D:5      | Killed Ijyb
   433 | D:4      | Reached XP level 7. HP: 26/50 MP: 0/16
   497 | D:4      | Reached skill level 1 in Ice Magic
   631 | D:6      | Noticed a water moccasin
   634 | D:6      | Killed a water moccasin
   635 | D:6      | Reached XP level 8. HP: 57/57 MP: 15/18
   638 | D:6      | Found a white marble altar of Elyvilon.
   639 | D:6      | Found a hide-covered altar of Uskayaw.
   685 | D:5      | Noticed Sigmund
   701 | D:7      | Noticed a steam dragon
   704 | D:6      | Found a staircase to the Ecumenical Temple.
   714 | D:6      | Identified the +2 war axe of Diet Blood {vorpal, rC+ Str+3}
   755 | Temple   | Entered the Ecumenical Temple
   808 | Temple   | Became a worshipper of Yredelemnul the Dark
   859 | D:7      | Found a shimmering blue altar of Sif Muna.
   860 | D:7      | Found a hazy altar of Hepliaklqana.
   906 | D:8      | Reached * piety under Yredelemnul
   926 | D:8      | Identified the +5 mace of Amorality {flame, rPois rF+}
  1031 | D:8      | Reached skill level 1 in Invocations
  1041 | D:8      | Reached ** piety under Yredelemnul
  1069 | D:8      | Gained mutation: You passively map the area around you.
                  | [Meteoran growth]
  1069 | D:8      | Reached XP level 9. HP: 41/62 MP: 16/20
  1095 | D:8      | Found an opulent altar of Gozag.
  1158 | D:8      | Found Diopnum's Armour Shop.
  1274 | D:8      | Reached skill level 5 in Ice Magic
  1287 | D:8      | Reached skill level 5 in Invocations
  1307 | D:8      | Reached *** piety under Yredelemnul
  1384 | D:9      | Reached XP level 10. HP: 69/69 MP: 20/23
  1391 | D:9      | Found a staircase to the Lair.
  1447 | D:9      | Slain by a wyvern

Illustrated notes

Levels and vault maps discovered:
D:1:      dpeg_arrival_caged_fury, layout_loops_corners,
          chequers_serial_rivers_small_3
D:2:      layout_basic, hellmonk_ecumenical_altar_blasted, basic_altar
D:3:      layout_rooms, kiku_gazebo_garden_becter, mainiacjoe_overflow_boulevard
D:4:      layout_rooms, old_standard_altar
D:5:      layout_rooms, uniq_ijyb, uniq_menkaure, uniq_sigmund
D:6:      layout_cave_pools, jmf_multi_god_temple, temple_pool_b
D:7:      layout_rooms, lemuel_crystal_altar, gammafunk_temple_overflow_pools
D:8:      layout_basic, nicolae_gozag_seed_capital, trog_butcher_becter,
          tgw_xom, serial_shops, shop_coins, nicolae_fountain_basement
D:9:      cheibrodos_ideogram_h, layout_rooms, chei_slow_surprise,
          david_lair_generic, hangedman_abyss_or_decor_clamps,
          palyth_stone_intersect
Temple:   nicolae_temple_ecumenical_triangle

Skill      XL: |  1  2  3  4  5  6  7  8  9 10 |
---------------+-------------------------------+-----
Spellcasting   | 3 4 5 6 7 8 9 |  9.7
Earth Magic    | 4 5 6 7 9 |  9.9
Conjurations   | 1 2 3 4 |  4.0
Ice Magic      | 2 4 5 |  5.0
Invocations    | 2 5 7 |  7.2
Dodging        | |  2.4
Stealth        | |  1.4
Transmutations | |  1.2

Action                   |  1- 3 |  4- 6 |  7- 9 | 10-12 || total
-------------------------+-------+-------+-------+-------++-------
Melee: Flail             |       |     2 |     5 |       ||     7
 Cast: Sandblast         |    13 |    41 |    50 |    12 ||   116
       Passwall          |       |     3 |       |       ||     3
       Stone Arrow       |       |     9 |    23 |     8 ||    40
Invok: Dark Bargain      |       |       |     2 |     1 ||     3
       Recall Undead Har |       |       |     2 |       ||     2
Evoke: Wand              |       |       |     1 |     1 ||     2
  Use: Scroll            |       |     4 |     1 |       ||     5
Armor: Robe              |     1 |     3 |     1 |     2 ||     7
Dodge: Dodged            |     4 |     7 |    14 |     6 ||    31
